 Dungeon Crawl Stone Soup version 0.29.1-1-gd02db6906a (webtiles) character file.

Game seed: 15408620648546173129

3345 LustLizard the Carver (level 9, -5/72 HPs)
             Began as a Demonspawn Fighter on Oct 8, 2022.
             Was a Priest of Okawaru.
             Killed by nerve-wracking pain
             ... invoked by Menkaure
              (10 damage)
             ... on level 7 of the Dungeon.
             The game lasted 00:14:56 (10374 turns).

LustLizard the Carver (Demonspawn Fighter)         Turns: 10374, Time: 00:14:57

Health: -5/72      AC: 21    Str: 17    XL:     9   Next: 72%
Magic:  12/12      EV:  9    Int:  9    God:    Okawaru [***...]
Gold:   474        SH:  6    Dex: 17    Spells: 8/8 levels left

rFire   . . .      SeeInvis .   a - +0 long sword
rCold   . . .      Faith    .   c - +0 buckler
rNeg    . . .      Spirit   .   r - +0 chain mail
rPois   .          Reflect  .   (helmet unavailable)
rElec   .          Harm     .   C - +2 cloak
rCorr   .          Rampage  .   e - +2 pair of gloves
Will    .....      Archmagi +   (no boots)
Stlth   ..........              s - amulet of magic regeneration
HPRegen 0.22/turn               o - +4 ring of protection
MPRegen 0.66/turn               x - ring of the Mage {Wiz Archmagi}

@: heroic
A: horns 3, magic regeneration
a: Renounce Religion, Heroism


You were on level 7 of the Dungeon.
You worshipped Okawaru.
Okawaru was most pleased with you.
You visited 2 branches of the dungeon, and saw 8 of its levels.

You collected 474 gold pieces.

Inventory:

Hand Weapons
 a - a +0 long sword (weapon)
Missiles
 h - a stone
 F - 5 poisoned darts (quivered)
Armour
 b - a +0 scale mail
 c - a +0 buckler (worn)
 e - a +2 pair of gloves (worn)
 r - a +0 chain mail (worn)
 C - a +2 cloak (worn)
 D - a +0 kite shield
Jewellery
 o - a +4 ring of protection (left hand)
 s - an amulet of magic regeneration (around neck)
 w - a ring of flight
 x - the ring of the Mage (right hand) {Wiz Archmagi}
   (You found it on level 4 of the Dungeon)

   [ring of wizardry]

   It improves your spell success rate.
   Archmagi:  It increases the power of your magical spells.
 A - a ring of protection from fire
Wands
 l - a wand of digging (3)
 t - a wand of charming (6)
Scrolls
 j - 2 scrolls of poison {unknown}
 k - a scroll of magic mapping {unknown}
 u - 2 scrolls of amnesia
 v - 2 scrolls of enchant armour {unknown}
 y - 2 scrolls of torment {unknown}
 B - a scroll of immolation {unknown}
 E - a scroll of brand weapon {unknown}
 G - a scroll of blinking
Potions
 d - 3 potions of might
 f - 6 potions of curing
 g - a potion of brilliance
 i - a potion of heal wounds
 m - a potion of degeneration
 n - 2 potions of haste
 p - a potion of flight
 q - a potion of berserk rage
 z - 2 potions of lignification


   Skills:
 + Level 7.3(12.3) Fighting
 * Level 9.0(14.0) Long Blades
 - Level 4.0(9.0) Throwing
 - Level 2.6(7.6) Armour
 - Level 2.6(7.6) Shields
 + Level 5.1 Invocations
 + Level 3.8 Evocations


You had 8 spell levels left.
You didn't know any spells.
Your spell library contained the following spells:

 Spells                   Type           Power      Damage    Failure   Level
 Shock                    Conj/Air       0%         1d3       89%         1
 Slow                     Hex            0%         N/A       89%         1
 Confusing Touch          Hex            0%         N/A       99%         3
 Vampiric Draining        Necr           0%         2d6       99%         3
 Olgreb's Toxic Radiance  Pois           0%         N/A       100%        4
 Ozocubu's Refrigeration  Ice            0%         4d7       100%        7
 Ignition                 Fire           0%         3d3       100%        8


Dungeon Overview and Level Annotations

Branches:
Dungeon (7/15)             Temple (1/1) D:4

Altars:
Hepliaklqana
Okawaru
Vehumet

Shops:
D:7 *

Annotations:
D:5 2 transporters, Icepheonix32's ghost, amateur MfTm
D:7 Menkaure


Innate Abilities, Weirdness & Mutations

You have a pair of large horns on your head.
You regenerate magic rapidly.


Message History

You hit the steam dragon. You headbutt the steam dragon.
You kill the steam dragon!
Okawaru accepts your kill.
Your base Long Blades skill increases to level 9!
You feel much better.
Menkaure gestures at you while chanting.
You struggle to resist.
There is an open door, spattered with blood here.
Things that are here:
a +0 whip; a +0 chain mail; a wyvern skeleton You barely miss Menkaure.
You headbutt Menkaure.
Menkaure is lightly damaged.
You hit Menkaure but do no damage.
Menkaure is lightly damaged.
Menkaure hits you!
* * * LOW HITPOINT WARNING * * *
You hit Menkaure but do no damage.
Menkaure is lightly damaged.
Menkaure mumbles some strange words.
Menkaure seems to speed up.
You hit Menkaure but do no damage.
Menkaure is lightly damaged.
Menkaure points at you and mumbles some strange words.
Pain shoots through your body!
* * * LOW HITPOINT WARNING * * *
You hit Menkaure. You headbutt Menkaure!
Menkaure is severely damaged.
You hit Menkaure. Your headbutt misses Menkaure.
Menkaure is severely damaged.
You block Menkaure's attack.
You barely miss Menkaure.
Menkaure is severely damaged.
Menkaure calls on the powers of darkness!
Your body is wracked with pain!
* * * LOW HITPOINT WARNING * * *
You barely miss Menkaure.
Menkaure is severely damaged.
Menkaure points at you and mumbles some strange words.
Pain shoots through your body!
You die...

......##......##
###.#.#..#..#..# #
#...#...##...#
###...#...##...#
#...###..#.[#..#########
...##.##......###..../.#
..##...##....## #...$..#
.##.....####'####.$##§.#
.#..#.#..'...)..@.÷##$.#
.#...#...########M.$)..#
.#..#)#..# #......#
.##)....## ######'#
#.#.....# ..# #########
.# .# # #


You could see Menkaure (fast).

Vanquished Creatures
  Grinder (D:4)
  A wyvern (D:7)
  2 steam dragons (D:7)
  3 black bears
  An ice beast (D:7)
  An ogre (D:7)
  A centaur (D:6)
  3 phantoms
  4 bullfrogs
  2 gnoll sergeants (D:6)
  3 scorpions
  3 necrophages
  5 wights
  A howler monkey (D:7)
  3 hounds
  2 jellies
  2 gnoll boudas (D:7)
  An orc priest (D:5)
  5 iguanas
  10 orc wizards
  14 gnolls
  7 adders
  A white imp (D:5)
  3 ufetubi
  6 dart slugs
  29 orcs
  10 ball pythons
  9 endoplasms
  2 giant cockroaches
  8 goblins
  4 hobgoblins
  9 kobolds
  3 quokkas
  7 bats
  6 frilled lizards
  11 rats
183 creatures vanquished.

Vanquished Creatures (collateral kills)
  A phantom (D:4)
1 creature vanquished.

Vanquished Creatures (others)
  A fungus (D:3)
1 creature vanquished.

Grand Total: 185 creatures vanquished

Notes
Turn   | Place    | Note
-------+----------+-------------------------------------------
     0 | D:1      | LustLizard the Demonspawn Fighter began the quest for the
                  | Orb.
     0 | D:1      | Reached XP level 1. HP: 18/18 MP: 1/1
     2 | D:1      | Noticed a human
     4 | D:1      | Noticed a draconian
     6 | D:1      | Noticed a tengu
     6 | D:1      | Noticed a gargoyle
     9 | D:1      | Noticed a vine stalker
     9 | D:1      | Noticed a minotaur
    11 | D:1      | Noticed a troll
    11 | D:1      | Noticed a vampire
    13 | D:1      | Noticed an ogre
    13 | D:1      | Noticed an octopode
    15 | D:1      | Noticed a ghoul
    15 | D:1      | Noticed a demigod
    17 | D:1      | Noticed a formicid
    17 | D:1      | Noticed a spriggan
    19 | D:1      | Noticed a palentonga
    19 | D:1      | Noticed a felid
    21 | D:1      | Noticed a naga
    21 | D:1      | Noticed a demonspawn
    23 | D:1      | Noticed a meteoran
    23 | D:1      | Noticed a merfolk
    25 | D:1      | Noticed a palentonga
    27 | D:1      | Noticed a meteoran
    27 | D:1      | Noticed a vine stalker
    52 | D:1      | Reached skill level 2 in Long Blades
   369 | D:1      | Gained mutation: You regenerate magic rapidly. [demonic
                  | ancestry]
   369 | D:1      | Reached XP level 2. HP: 19/24 MP: 2/2
   830 | D:1      | Reached XP level 3. HP: 28/29 MP: 3/3
  1441 | D:2      | Reached skill level 3 in Long Blades
  1503 | D:2      | Found a hazy altar of Hepliaklqana.
  1522 | D:2      | Reached skill level 1 in Throwing
  1598 | D:2      | Gained mutation: You have a pair of small horns on your
                  | head. [demonic ancestry]
  1598 | D:2      | Reached XP level 4. HP: 35/35 MP: 4/4
  2156 | D:3      | Reached XP level 5. HP: 29/42 MP: 5/5
  3014 | D:3      | Noticed Grinder
  3046 | D:4      | Noticed a phantom
  3046 | D:4      | Found a staircase to the Ecumenical Temple.
  3061 | D:4      | Killed a phantom
  3062 | D:4      | Reached skill level 4 in Long Blades
  3062 | D:4      | Reached XP level 6. HP: 48/48 MP: 6/6
  3073 | Temple   | Entered the Ecumenical Temple
  3112 | Temple   | Became a worshipper of Warmaster Okawaru
  3149 | D:4      | Killed Grinder
  3365 | D:4      | Gained mutation: You have a pair of horns on your head.
                  | [demonic ancestry]
  3365 | D:4      | Reached XP level 7. HP: 49/55 MP: 7/7
  3856 | D:3      | Found a faded altar of an unknown god.
  3870 | D:3      | Got Plato's Collected Works on the Birds
  4689 | D:4      | Reached skill level 5 in Long Blades
  4978 | D:3      | Reached * piety under Okawaru
  4989 | D:3      | Reached skill level 5 in Fighting
  5364 | D:4      | Found the ring of the Mage {Wiz Archmagi}
  5882 | D:5      | Entered Level 5 of the Dungeon
  6054 | D:5      | Reached skill level 6 in Long Blades
  6386 | D:5      | Reached XP level 8. HP: 32/60 MP: 8/8
  6962 | D:5      | Found a transporter.
  6963 | D:5      | Noticed Icepheonix32's ghost (amateur MfTm)
  7326 | D:5      | Noticed a hornet
  7371 | D:5      | Reached skill level 7 in Long Blades
  7441 | D:5      | Found a transporter.
  7724 | D:6      | Reached ** piety under Okawaru
  7803 | D:6      | Reached skill level 1 in Invocations
  7820 | D:6      | HP: 3/64 [gnoll sergeant/+2 trident of protection (9)]
  8304 | D:6      | Reached skill level 1 in Evocations
  9185 | D:6      | Gained mutation: You have a pair of large horns on your
                  | head. [demonic ancestry]
  9185 | D:6      | Reached XP level 9. HP: 63/71 MP: 11/11
  9312 | D:7      | Reached skill level 8 in Long Blades
  9385 | D:7      | Found Ureisus's Island Escapes.
 10032 | D:7      | Reached *** piety under Okawaru
 10349 | D:7      | Reached skill level 5 in Invocations
 10355 | D:7      | Noticed Menkaure
 10365 | D:7      | Reached skill level 9 in Long Blades
 10374 | D:7      | Killed from afar by Menkaure

Illustrated notes

Levels and vault maps discovered:
D:1:      kb_arrival_jail, layout_loops_ring, minmay_split_cup_small
D:2:      layout_rooms, basic_altar, serial_curves, eino_curves_03,
          eino_curves_03
D:3:      layout_basic, shapermc_ecumenical_altar_rom_forum, patterned_corridor,
          uniq_grinder
D:4:      layout_layer_cave, minmay_temple_entry_mist, kennysheep_another_room,
          st_stairs_6
D:5:      layout_basic, gammafunk_ghost_hive
D:6:      layout_cave_pods
D:7:      minmay_polygon_palace, layout_rooms, nicolae_island_escapes,
          uniq_menkaure, uniq_prince_ribbit1
Temple:   mainiacjoe_temple_big_plus

Skill      XL: |  1  2  3  4  5  6  7  8  9 |
---------------+----------------------------+-----
Long Blades    | 2 3 4 6 7 9 |  9.0
Throwing       | 1 2 3 4 |  4.0
Fighting       | 4 5 6 7 |  7.3
Invocations    | 2 5 |  5.1
Evocations     | 2 3 |  3.8
Armour         | |  2.6
Shields        | |  2.6

Action                   |  1- 3 |  4- 6 |  7- 9 || total
-------------------------+-------+-------+-------++-------
Melee: Long sword        |   126 |   130 |   503 ||   759
       Headbutt          |       |    24 |   104 ||   128
Throw: Stone             |       |       |    52 ||    52
       Dart              |       |       |     4 ||     4
Invok: Heroism           |       |       |     1 ||     1
Evoke: Wand              |       |     4 |       ||     4
  Use: Scroll            |     5 |     1 |     6 ||    12
       Potion            |       |     1 |     4 ||     5
 Stab: Paralysed         |       |     1 |       ||     1
Armor: Scale mail        |    75 |     6 |       ||    81
       Chain mail        |       |    72 |   327 ||   399
Dodge: Dodged            |    81 |    37 |   150 ||   268
Block: Buckler           |    35 |    30 |   106 ||   171
